 Dungeon Crawl Stone Soup version 0.14-a0-1546-g4b4961f (webtiles) character file.

22328 Herrn the Basher (level 12, -18/68 HPs)
             Began as a Gargoyle Fighter on Dec 18, 2013.
             Was a High Priest of Trog.
             Demolished by Wiglaf
             ... wielding a +1,+0 dwarven battleaxe
              (39 damage)
             ... on Level 2 of the Snake Pit.
             The game lasted 02:14:31 (14873 turns).

Herrn the Basher (Gargoyle Fighter)                Turns: 14873, Time: 02:14:32

HP -18/68        AC 33     Str 24      XL: 12   Next: 94%
MP  25/25        EV  3     Int 10      God: Trog [*****.]
Gold 467         SH 35     Dex  9      Spells:  0 memorised, 21 levels left

rFire  + . .     SeeInvis +     s - +1,+2 flail (crush)
rCold  . . .     Clarity  .     i - +5 plate armour of Fun and Games {rF+ Acc+4}
rNeg   + . .     Conserve .     N - +0 large shield
rPois  +         rCorr    +     K - +1 wizard hat
rElec  +         rRot     +     T - +0 cloak
SustAb . .       Spirit   .     Y - +0 pair of gloves
rMut   .         Warding  .     X - +0 pair of boots
Saprov . . .     Stasis   .     C - amulet of resist corrosion
                                o - ring of protection from magic
                                t - ring of see invisible

@: exhausted, slowed, constricted, very slow, quite resistant to hostile
enchantments, extremely unstealthy
A: large and strong wings, blurry vision 1, frail 1, life protection 1,
electricity resistance, unbreathing, petrification resistance, AC +8
a: Fly, Burn Spellbooks, Berserk, Trog's Hand, Brothers in Arms, Renounce
Religion


You were on level 2 of the Snake Pit.
You worshipped Trog.
Trog was extremely pleased with you.
You were hungry.

You visited 3 branches of the dungeon, and saw 13 of its levels.

You collected 662 gold pieces.
You spent 195 gold pieces at shops.

Inventory:

Hand weapons
 p - a +2,+0 dire flail
 s - a +1,+2 flail of crushing (weapon)
 v - a +1,+4 scimitar of flaming
 x - a +1,+1 orcish anti-magic flail
 y - a +1,+0 mace of holy wrath
 z - a +0,+0 morningstar
 G - a +0,+0 dire flail
Armour
 c - a +0 shield
 i - the +5 plate armour of Fun and Games (worn) {rF+ Acc+4}
   (You found it on level 5 of the Dungeon)

   It affects your accuracy (+4).
   It protects you from fire.
 n - a +0 orcish cloak
 A - a +2 dwarven shield
 K - a +1 wizard hat (worn)
 N - a +0 large shield (worn)
 T - a +0 cloak (worn)
 X - a +0 pair of boots (worn)
 Y - a +0 pair of gloves (worn)
Magical devices
 w - a wand of confusion (9) {unknown}
 D - a wand of slowing (7) {unknown}
 H - a wand of polymorph (19) {unknown}
 P - a wand of frost (6)
 Z - a wand of magic darts (9) {unknown}
Comestibles
 d - 3 bread rations
 q - 5 meat rations
 r - 2 chokos
 I - 2 rotting chunks of naga flesh
 M - 2 snozzcumbers
 O - 12 apples
 Q - 2 chunks of naga flesh
 R - an orange
Scrolls
 g - a scroll of remove curse
 h - 2 scrolls of teleportation
 m - a scroll of fear
 u - a scroll of vulnerability {unknown}
 B - a scroll of blinking
 J - 2 scrolls of identify
Jewellery
 b - an uncursed ring of poison resistance {unknown}
 o - a ring of protection from magic (right hand)
 t - a ring of see invisible (left hand)
 C - an amulet of resist corrosion (around neck)
Potions
 a - 3 potions of heal wounds
 e - 4 potions of curing
 f - a potion of magic
 j - 2 potions of agility
 k - a potion of degeneration {unknown}
 F - 2 potions of brilliance
 L - a potion of speed
 S - a potion of experience {unknown}
Books
 l - a book of Frost

   Spells                             Type                      Level
   Freeze                             Ice                          1
   Throw Frost                        Conjuration/Ice              2
   Ozocubu's Armour                   Charms/Ice                   3
   Throw Icicle                       Conjuration/Ice              4
   Summon Ice Beast                   Ice/Summoning                4
   Condensation Shield                Ice                          4
   Trog disapproves of the use of such an item.
 E - a book of Changes

   Spells                             Type                      Level
   Beastly Appendage                  Transmutation                1
   Sticks to Snakes                   Transmutation                2
   Spider Form                        Transmutation/Poison         3
   Ice Form                           Ice/Transmutation            4
   Blade Hands                        Transmutation                5
   Trog disapproves of the use of such an item.
 U - a book of Callings

   Spells                             Type                      Level
   Summon Small Mammal                Summoning                    1
   Call Imp                           Summoning                    2
   Call Canine Familiar               Summoning                    3
   Summon Scorpions                   Summoning/Poison             4
   Summon Ice Beast                   Ice/Summoning                4
   Trog disapproves of the use of such an item.
 W - a book of Dreams

   Spells                             Type                      Level
   Ensorcelled Hibernation            Hexes/Ice                    2
   Flight                             Charms/Air                   3
   Phase Shift                        Translocation                5
   Shadow Creatures                   Summoning                    5
   Mass Confusion                     Hexes                        6
   Darkness                           Hexes                        7
   Trog disapproves of the use of such an item.


   Skills:
 * Level 9.0 Fighting
 * Level 12.9 Maces & Flails
 * Level 9.5 Armour
 * Level 7.6 Dodging
 + Level 9.8 Shields
 * Level 5.4 Spellcasting


You had 21 spell levels left.
You didn't know any spells.

Dungeon Overview and Level Annotations

Branches:
Dungeon (8/16)             Temple (0/1) D:5            Lair (3/8) D:8
  Snake (2/5) Lair:3
  Swamp: Lair:3-6    Shoals: Lair:3-6    Spider: Lair:3-6

Altars:
Trog
Yredelemnul
Zin

Shops:
D:4 %   D:6 !

Annotations:
D:8 exclusion: orange crystal statue
Snake:2 Wiglaf


Innate Abilities, Weirdness & Mutations

You are resistant to torment.
You are immune to poison.
Your stone body is very resilient (AC +8).
You resist negative energy.
You are resistant to electric shocks.
You can survive without breathing.
You are immune to petrification.
Your wings are large and strong.
Your vision is a little blurry.
You are frail (-10% HP).


Message History

You are too berserk!
You escape the naga's grasp.
You smell something rotten. (slot I)
You feel a strong urge to attack something.
You are no longer berserk.
You are exhausted.
You feel yourself slow down.
You are near starving!
You feel much better. You block Wiglaf's attack.
Wiglaf hits you with a dwarven battleaxe!
You block the naga's attack. The naga grabs you. The naga constricts you.
This raw flesh tastes terrible.
You are feeling hungry.
Wiglaf hits you with a dwarven battleaxe!
The naga spits poison at you. The splash of poison hits you! You resist.
The naga constricts you.
You continue eating.
Wiglaf hits you with a dwarven battleaxe!
Ouch! That really hurt!
You die...

..........................
....................%.....
########.........#######......
#......+#......###.#.#.##''#..
#.......#.....##...........##.
#......##.....#.............#)
#......'......#............##.
#......#......#......?.....#..
#...##.#.....@##...........#..
..######'#.....qN#...........#..
.................#...........#..
.................#...<##.#####..
.................######### ...
......................... ..
.......)................$
....................#+###
....................#


You could see Wiglaf and a naga.

Vanquished Creatures
  Gastronok (D:8)
  Azrael (Snake:1)
  Harold (Snake:1)
  A naga warrior (Snake:2)
  Joseph (Lair:1)
  4 elephants (Lair:3)
  A black mamba (Lair:1)
  6 orange demons
  A spiny frog (Lair:1)
  2 naga magi (Snake:1)
  The ghost of wojtek the Basher, an experienced TeGl of Okawaru (D:5)
  Grinder (D:5)
  2 komodo dragons (Lair:3)
  A wandering mushroom (D:8)
  4 blink frogs (Lair:3)
  A basilisk (Lair:3)
  26 yaks
  3 fire elementals (Lair:3)
  A hungry ghost (D:7)
  4 wolves (Lair:3)
  3 hippogriffs
  A mottled dragon (D:8)
  A manticore (D:8)
  Menkaure (D:4)
  3 hell hounds
  A necrophage (D:7)
  5 porcupines
  A phantom (D:8)
  An orc warrior (D:7)
  4 ogres
  10 nagas
  3 rotting devils (D:8)
  2 crocodiles (Lair:1)
  A centaur (D:6)
  Sigmund (D:7)
  2 giant slugs (Lair:3)
  12 water moccasins
  An agate snail (Lair:2)
  A gnoll sergeant (D:8)
  7 giant frogs
  5 crimson imps
  A giant frog skeleton (D:5)
  3 hounds (D:4)
  8 iguanas
  2 jellies (D:7)
  8 orc wizards (D:6)
  6 orc priests
  3 scorpions
  A goliath beetle (D:6)
  3 worker ants
  A sky beast zombie (D:7)
  A mummy (D:8)
  19 adders
  46 green rats
  3 giant centipedes
  9 gnolls
  An inept feature mimic (D:6)
  4 giant mites
  6 worms
  An adder skeleton (D:8)
  3 giant eyeballs
  5 giant geckos
  An ooze (D:1)
  19 orcs
  A bat skeleton (D:7)
  6 giant cockroaches
  17 hobgoblins
  9 quokkas
  A ball python (D:1)
  11 bats
  4 giant newts
  A gnoll zombie (D:5)
  7 goblins
  12 jackals
  10 kobolds
  14 rats
  7 fungi
  5 plants
388 creatures vanquished.

Vanquished Creatures (others)
  A ball python (Snake:1)
  A fungus (D:8)
2 creatures vanquished.

Grand Total: 390 creatures vanquished

Notes
Turn   | Place    | Note
--------------------------------------------------------------
     0 | D:1      | Herrn, the Gargoyle Fighter, began the quest for the Orb.
     0 | D:1      | Reached XP level 1. HP: 14/14 MP: 1/1
   139 | D:1      | Reached XP level 2. HP: 10/19 MP: 2/2
   529 | D:1      | Reached XP level 3. HP: 23/23 MP: 3/3
  1555 | D:2      | Reached skill level 1 in Dodging
  1555 | D:2      | Reached XP level 4. HP: 23/28 MP: 4/4
  1890 | D:2      | Found a bloodstained altar of Trog.
  1909 | D:2      | Reached skill level 1 in Spellcasting
  1953 | D:2      | Became a worshipper of Trog the Wrathful
  2008 | D:2      | Reached skill level 4 in Armour
  2504 | D:3      | Reached XP level 5. HP: 21/33 MP: 7/7
  2836 | D:3      | Found a basalt altar of Yredelemnul.
  2888 | D:3      | Acquired Trog's first power
  3278 | D:3      | Reached XP level 6. HP: 8/38 MP: 8/8
  3532 | D:4      | Noticed an ogre
  3549 | D:4      | HP: 1/38 [ogre/giant club (19)]
  3809 | D:3      | Killed an ogre
  3969 | D:4      | Found Eted's Food Emporium.
  3989 | D:4      | Bought a meat ration for 48 gold pieces
  3989 | D:4      | Bought a meat ration for 48 gold pieces
  4025 | D:4      | Paralysed by a giant eyeball for 2 turns
  4049 | D:4      | Noticed an ogre
  4058 | D:4      | Killed an ogre
  4058 | D:4      | Reached XP level 7. HP: 43/43 MP: 9/9
  4171 | D:4      | Noticed Menkaure
  4278 | D:4      | Killed Menkaure
  4742 | D:4      | Acquired Trog's second power
  4961 | D:4      | Noticed a hippogriff
  4966 | D:4      | Killed a hippogriff
  4966 | D:4      | Reached skill level 5 in Maces & Flails
  4966 | D:4      | Reached skill level 5 in Armour
  4966 | D:4      | Reached XP level 8. HP: 43/48 MP: 10/10
  5232 | D:5      | Entered Level 5 of the Dungeon
  5248 | D:5      | Noticed wojtek's ghost (experienced TeGl)
  5303 | D:5      | Killed wojtek's ghost
  5303 | D:5      | Reached skill level 5 in Shields
  5346 | D:5      | Found a glowing silver altar of Zin.
  5348 | D:5      | Got a smoking plate armour
  5368 | D:5      | Identified the +5 plate armour of Fun and Games {rF+ Acc+4} (You found it on level 5 of the Dungeon)
  5469 | D:5      | Noticed Grinder
  5479 | D:5      | Killed Grinder
  5479 | D:5      | Reached skill level 6 in Maces & Flails
  5479 | D:5      | Reached skill level 5 in Dodging
  5931 | D:5      | Found a staircase to the Ecumenical Temple.
  6154 | D:6      | Found a staircase to the Ecumenical Temple.
  6161 | D:6      | the staircase to the Ecumenical Temple was a mimic.
  6372 | D:6      | Reached XP level 9. HP: 41/52 MP: 11/11
  6651 | D:6      | Reached skill level 7 in Maces & Flails
  6992 | D:6      | Found Akhez's Distillery.
  7006 | D:6      | Bought a potion of heal wounds for 33 gold pieces
  7006 | D:6      | Bought a potion of heal wounds for 33 gold pieces
  7006 | D:6      | Bought a potion of heal wounds for 33 gold pieces
  7132 | D:7      | Noticed Sigmund
  7149 | D:7      | Killed Sigmund
  7740 | D:7      | Reached skill level 5 in Fighting
  7762 | D:7      | Paralysed by a giant eyeball for 2 turns
  8025 | D:7      | Got a polished halberd
  8275 | D:8      | Paralysed by a giant eyeball for 2 turns
  8279 | D:8      | Paralysed by a giant eyeball for 3 turns
  8286 | D:8      | Paralysed by a giant eyeball for 3 turns
  8293 | D:8      | Paralysed by a giant eyeball for 3 turns
  8309 | D:7      | Reached skill level 8 in Maces & Flails
  8326 | D:8      | Paralysed by a giant eyeball for 2 turns
  8334 | D:8      | Paralysed by a giant eyeball for 2 turns
  8550 | D:8      | Reached XP level 10. HP: 59/59 MP: 17/17
  8934 | D:8      | Noticed an orange demon
  8935 | D:8      | Noticed an orange demon
  8935 | D:8      | Noticed an orange demon
  8972 | D:7      | Killed an orange demon
  8972 | D:7      | Reached skill level 9 in Maces & Flails
  8984 | D:8      | Killed an orange demon
  8988 | D:8      | Killed an orange demon
  9075 | D:8      | Noticed an orange demon
  9076 | D:8      | Noticed an orange demon
  9076 | D:8      | Noticed an orange demon
  9093 | D:8      | Killed an orange demon
  9109 | D:8      | Killed an orange demon
  9121 | D:8      | Killed an orange demon
  9192 | D:8      | Found a staircase to the Lair.
  9197 | D:8      | Noticed a wandering mushroom
  9216 | D:8      | Killed a wandering mushroom
  9216 | D:8      | Reached skill level 10 in Maces & Flails
  9309 | D:8      | Noticed Gastronok
  9329 | D:8      | Killed Gastronok
  9329 | D:8      | Reached XP level 11. HP: 51/66 MP: 20/20
  9688 | Lair:1   | Entered Level 1 of the Lair of Beasts
  9933 | Lair:1   | Noticed Joseph
  9967 | Lair:1   | Killed Joseph
 10271 | Lair:1   | Reached skill level 11 in Maces & Flails
 11203 | Lair:2   | Acquired Trog's third power
 12111 | Lair:3   | Reached XP level 12. HP: 73/73 MP: 23/23
 12298 | Lair:3   | Reached skill level 12 in Maces & Flails
 12439 | Lair:2   | Gained mutation: You are frail (-10% HP). [potion of mutation]
 12439 | Lair:2   | Gained mutation: Your wings are large and strong. [potion of mutation]
 12439 | Lair:2   | Gained mutation: Your vision is a little blurry. [potion of mutation]
 12619 | Lair:3   | Found a staircase to the Snake Pit.
 13580 | Snake:1  | Entered Level 1 of the Snake Pit
 13580 | Snake:1  | Noticed Azrael
 13670 | Snake:1  | Killed Azrael
 13670 | Snake:1  | Reached skill level 5 in Spellcasting
 14149 | Snake:1  | Noticed Harold
 14174 | Snake:1  | Killed Harold
 14605 | Snake:2  | Noticed a naga warrior
 14634 | Snake:2  | Killed a naga warrior
 14841 | Snake:2  | Noticed Wiglaf
 14873 | Snake:2  | Demolished by Wiglaf

Action                   |  1- 3 |  4- 6 |  7- 9 | 10-12 || total
-------------------------+-------+-------+-------+-------++-------
Melee: Mace              |   108 |   115 |       |       ||   223
       Flail             |       |   127 |   451 |   967 ||  1545
Invok: Berserk           |       |     2 |    12 |    18 ||    32
  Use: Potion            |       |     1 |     2 |     7 ||    10
       Scroll            |       |       |    17 |    11 ||    28
